 Dungeon Crawl Stone Soup version 0.24.0-123-gd5b16e6ec5 (webtiles) character file.

Game seed: 14253513560099767747, levelgen mode: deterministic

1934 Norian the Thaumaturge (level 8, -12/41 HPs)
             Began as a Deep Elf Conjurer on Dec 27, 2019.
             Was a Follower of Vehumet.
             Blown up by a gnoll shaman (29 damage)
             ... with a disintegration bolt
             ... on level 7 of the Dungeon.
             The game lasted 00:09:16 (5430 turns).

Norian the Thaumaturge (Deep Elf Conjurer)          Turns: 5430, Time: 00:09:16

Health: -12/41     AC:  2    Str:  7    XL:     8   Next: 97%
Magic:  5/23       EV: 13    Int: 21    God:    Vehumet [*.....]
Gold:   233        SH:  0    Dex: 15    Spells: 17/26 levels left

rFire    . . .     SeeInvis .   f - +2 spear (venom)
rCold    + . .     Gourm    .   (no shield)
rNeg     . . .     Faith    .   a - +0 robe
rPois    .         Spirit   .   (no helmet)
rElec    .         Reflect  .   (no cloak)
rCorr    .         Harm     .   (no gloves)
MR       .....                  (no boots)
Stlth    ++........             h - amulet of magic regeneration
HPRegen  0.13/turn              r - ring of protection from cold
MPRegen  0.43/turn              (no ring)

@: no status effects
A: no striking features
a: Renounce Religion


You were on level 7 of the Dungeon.
You worshipped Vehumet.
Vehumet was aware of your devotion.
You were not hungry.

You visited 2 branches of the dungeon, and saw 8 of its levels.

You collected 233 gold pieces.

Inventory:

Hand Weapons
 f - a +2 spear of venom (weapon)
 t - a +0 vampiric spear
Armour
 a - a +0 robe (worn)
Jewellery
 h - an amulet of magic regeneration (around neck)
 r - a ring of protection from cold (left hand)
Scrolls
 b - 10 scrolls of identify {unknown}
 j - 4 scrolls of teleportation {unknown}
 k - 3 scrolls of remove curse {unknown}
 l - 2 scrolls of enchant weapon {unknown}
 n - a scroll of amnesia {unknown}
 o - a scroll of random uselessness {unknown}
 q - 2 scrolls of magic mapping {unknown}
Potions
 d - a potion of cancellation {unknown}
 e - a potion of lignification {unknown}
 g - a potion of flight {unknown}
 i - 2 potions of brilliance {unknown}
 m - a potion of degeneration {unknown}
 p - a potion of experience {unknown}
 s - 2 potions of resistance {unknown}
 u - 2 potions of might {unknown}
 v - a potion of mutation {unknown}
Comestibles
 c - 7 rations


   Skills:
 - Level 2.4 Dodging
 - Level 2.4 Stealth
 + Level 9.6 Spellcasting
 + Level 8.9 Conjurations
 + Level 7.8 Hexes


You had 17 spell levels left.
You knew the following spells:

 Your Spells              Type           Power        Failure   Level  Hunger
a - Magic Dart            Conj           ####         1%          1    None
b - Iskenderun's Mystic   Conj           #####...     1%          4    ##.....
c - Fulminant Prism       Conj/Hex       #####.....   2%          4    ##.....

Your spell library contained the following spells:

 Spells                   Type           Power        Failure   Level  Hunger
 Freeze                   Ice            ##..         7%          1    None
 Confusing Touch          Hex            #####.       1%          1    None
 Searing Ray              Conj           #####.       1%          2    None
 Confuse                  Hex            #####...     1%          3    None
 Dazzling Spray           Conj/Hex       #####.       1%          3    None
 Force Lance              Conj/Tloc      ####....     11%         4    ##.....
 Gell's Gravitas          Tloc           ##........   21%         3    None
 Metabolic Englaciation   Hex/Ice        ####......   36%         5    ####...
 Yara's Violent Unravell  Hex/Tmut       ####......   36%         5    ####...
 Petrify                  Tmut/Erth      ##......     54%         4    ##.....


Dungeon Overview and Level Annotations

Branches:
Dungeon (7/15)             Temple (1/1) D:5

Altars:
Ashenzari
Cheibriados
Gozag
Hepliaklqana
Makhleb
Qazlal
Uskayaw
Vehumet
Yredelemnul
The Shining One

Shops:
D:5 *

Annotations:
D:5 2 transporters, Sassnadas's ghost, amateur FeAE


Message History

Aiming: Fulminant Prism (safe; 2% risk of failure)
Press: ? - help, Dir - move target cursor
Okay, then.
Casting: Fulminant Prism (safe; 2% risk of failure)
Confirm with . or Enter, or press ? or * to list all spells.
Aiming: Iskenderun's Mystic Blast (safe; 1% risk of failure)
Press: ? - help, Shift-Dir - straight line, f - crimson imp
Aim: a crimson imp (heavily wounded)
Okay, then.
Casting: Iskenderun's Mystic Blast (safe; 1% risk of failure)
Confirm with . or Enter, or press ? or * to list all spells.
Aiming: Fulminant Prism (safe; 2% risk of failure)
Press: ? - help, Dir - move target cursor You conjure a prism of explosive energy!
A fulminant prism comes into view.
The crimson imp blinks!
A gnoll comes into view. It is wielding a +0 whip.
The gnoll shaman zaps a wand.
You are blasted!
Ouch! That really hurt!
You die...

###########
#.........#
#.........# ##
#..5......#
...#######.........#
..................#
#..............#
#<..@§........#
#...##..........##
###.##............#
#..#..*.......#..
##..#g##÷###### .
##.#...(# ..
....##*.## ##...
##g....c.### #.....
...#.#.#.((##......


You could see a gnoll shaman, a gnoll, a crimson imp and a friendly fulminant
prism.

Vanquished Creatures
  Sigmund (D:6)
  A sky beast (D:5)
  3 centaurs
  3 bullfrogs
  A scorpion (D:5)
  4 wights
  2 centaur zombies
  5 crimson imps
  3 hounds
  A bullfrog skeleton (D:6)
  A gnoll shaman (D:6)
  A jelly (D:7)
  A centaur skeleton (D:5)
  4 orc wizards
  2 iguanas
  5 worker ants
  A killer bee zombie (D:6)
  11 gnolls (D:6)
  A howler monkey skeleton (D:5)
  5 adders
  A shadow imp (D:6)
  2 oozes
  2 dart slugs
  4 leopard geckos
  17 orcs
  6 giant cockroaches
  7 goblins
  9 hobgoblins
  11 jackals
  7 kobolds
  2 quokkas
  A ball python (D:7)
  8 bats
  4 frilled lizards
  A jackal skeleton (D:4)
  11 rats
149 creatures vanquished.

Vanquished Creatures (others)
  13 fulminant prisms
13 creatures vanquished.

Grand Total: 162 creatures vanquished

Notes
Turn   | Place    | Note
-------+----------+-------------------------------------------
     0 | D:1      | Norian the Deep Elf Conjurer began the quest for the Orb.
     0 | D:1      | Reached XP level 1. HP: 10/10 MP: 6/6
   212 | D:1      | Reached XP level 2. HP: 15/15 MP: 5/8
   597 | D:1      | Reached skill level 4 in Spellcasting
   738 | D:1      | Reached XP level 3. HP: 19/19 MP: 8/10
   949 | D:2      | Reached skill level 5 in Conjurations
  1589 | D:3      | Reached XP level 4. HP: 24/24 MP: 4/12
  1770 | D:3      | Reached skill level 5 in Spellcasting
  1775 | D:3      | Found a shattered altar of Ashenzari.
  1784 | D:3      | Found a hazy altar of Hepliaklqana.
  1788 | D:3      | Found a glowing golden altar of the Shining One.
  1918 | D:3      | Reached XP level 5. HP: 24/28 MP: 7/14
  1939 | D:3      | Learned a level 4 spell: Iskenderun's Mystic Blast
  1944 | D:3      | Learned a level 4 spell: Fulminant Prism
  2631 | D:4      | Reached skill level 1 in Hexes
  3379 | D:5      | Entered Level 5 of the Dungeon
  3382 | D:5      | Reached skill level 6 in Spellcasting
  3413 | D:5      | Found a transporter.
  3420 | D:5      | Reached XP level 6. HP: 32/32 MP: 7/17
  3464 | D:5      | Found Zaciluxt's Assorted Antiques.
  3521 | D:5      | Noticed a sky beast
  3528 | D:5      | Killed a sky beast
  3704 | D:5      | Found an opulent altar of Gozag.
  3725 | D:5      | Reached XP level 7. HP: 36/36 MP: 6/19
  3726 | D:5      | Reached skill level 7 in Spellcasting
  3871 | D:5      | Found a staircase to the Ecumenical Temple.
  3937 | Temple   | Entered the Ecumenical Temple
  4040 | Temple   | Became a worshipper of Vehumet
  4261 | D:5      | Found a transporter.
  4262 | D:5      | Noticed Sassnadas's ghost (amateur FeAE)
  4321 | D:5      | Found a burning altar of Makhleb.
  4415 | D:6      | Noticed Sigmund
  4629 | D:6      | Reached skill level 5 in Hexes
  4684 | D:6      | Found a shattered altar of Ashenzari.
  4735 | D:6      | Reached skill level 8 in Spellcasting
  4738 | D:6      | Reached XP level 8. HP: 41/41 MP: 5/22
  4888 | D:6      | Reached * piety under Vehumet
  4888 | D:6      | Offered knowledge of Freeze by Vehumet.
  4889 | D:6      | Killed Sigmund
  4999 | D:6      | Reached skill level 9 in Spellcasting
  5430 | D:7      | Blown up by a gnoll shaman

Levels and vault maps discovered:
D:1:      dpeg_arrival_simpleton_a, layout_loops_corners
D:2:      layout_basic
D:3:      layout_basic, minmay_overflow_temple_star_quad, first_ration,
          minmay_misc_feat_square, minmay_cut_off
D:4:      layout_basic
D:5:      layout_loops_ring, makhleb_grotto_becter, lemuel_doored_altar,
          minmay_temple_entry_tees, gammafunk_ghost_hive, serial_shops,
          nicolae_shop_overgrown_old_shop
D:6:      layout_gridville, hangedman_abyss_or_decor_stagger,
          nicolae_ashenzari_panopticon, uniq_sigmund
D:7:      layout_rooms
Temple:   regret_index_temple_generic_petals

Skill      XL: |  1  2  3  4  5  6  7  8 |
---------------+-------------------------+-----
Spellcasting   | 4 5 6 8 9 |  9.6
Conjurations   | 5 6 7 8 |  8.9
Hexes          | 2 3 5 7 |  7.8
Dodging        | |  2.4
Stealth        | |  2.4

Action                   |  1- 3 |  4- 6 |  7- 9 || total
-------------------------+-------+-------+-------++-------
Melee: Falchion          |       |     3 |       ||     3
       Spear             |       |       |     1 ||     1
 Cast: Magic Dart        |    90 |   118 |    97 ||   305
       Iskenderun's Myst |       |    14 |    18 ||    32
       Fulminant Prism   |       |       |    14 ||    14
  Eat: Chunk             |     1 |     5 |     5 ||    11
       Ration            |       |     1 |     1 ||     2
Armor: Robe              |       |     1 |     5 ||     6
Dodge: Dodged            |     3 |    15 |    32 ||    50
       Rpst.: Falchion   |       |     5 |     3 ||     8
